| TOP OF THE 1ST |
|
Toledo Mud Hens batting - Pitching for Fresno Grizzlies : RHP Josh Holloway
|
|
Pitching: RHP Josh Holloway
|
|
|
Batting: RHB Brandon O'Malley
|
0-0: Ball 1-0: Ball 2-0: Swinging Strike 2-1: Ball 3-1: Foul Ball, location: 2F 3-2: Base on Balls
|
|
Batting: RHB Tony Soto
|
0-0: Ball Brandon O'Malley steals 2nd base 1-0: Called Strike 1-1: Ball 2-1: Swinging Strike 2-2: Ball 3-2: Strikes out swinging
|
|
Batting: RHB Willis Morales
|
0-0: Called Strike Brandon O'Malley steals 3rd, throwing error, E2 Brandon O'Malley scores 0-1: Called Strike 0-2: Foul Ball, location: 2F 0-2: Foul Ball, location: 2F 0-2: Fly out, F9 (Flyball, 89S, EV 98.1 MPH)
|
|
Batting: RHB John Evancho
|
0-0: Called Strike 0-1: Foul Ball, location: 2F 0-2: Foul Ball, location: 2F 0-2: SOLO HOME RUN (Line Drive, 7LD, EV 98.8 MPH), Distance : 347 ft
|
|
Batting: RHB J.J. Basil
|
0-0: Ball 1-0: Ground out 5-3 (Groundball, 56, EV 80.6 MPH)
|
| Top of the 1st over - 2 runs, 1 hit, 1 error, 0 left on base; Toledo 2 - Fresno 0 |
| BOTTOM OF THE 1ST |
|
Fresno Grizzlies batting - Pitching for Toledo Mud Hens : RHP Roberto Benavides
|
|
Pitching: RHP Roberto Benavides
|
|
|
Batting: RHB Jesse Scott
|
0-0: Ball 1-0: SINGLE (Groundball, P, EV 78.1 MPH) (infield hit)
|
|
Batting: RHB Bruce Bermudez
|
0-0: Called Strike 0-1: Foul Ball, location: 2F 0-2: Strikes out looking
|
|
Batting: RHB Ramon Castellon
|
0-0: Ball 1-0: Ball 2-0: Ball 3-0: Foul Ball, location: 2F 3-1: Foul Ball, location: 2F 3-2: Strikes out swinging Jesse Scott steals 2nd base Batter strikes out.
|
|
Batting: LHB Chris Cabrera
|
0-0: Ball 1-0: Called Strike 1-1: Called Strike 1-2: Ball 2-2: Strikes out looking
|
| Bottom of the 1st over - 0 runs, 1 hit, 0 errors, 1 left on base; Toledo 2 - Fresno 0 |
| TOP OF THE 2ND |
|
Toledo Mud Hens batting - Pitching for Fresno Grizzlies : RHP Josh Holloway
|
|
Batting: SHB Willie Medina
|
0-0: Ball 1-0: Foul Ball, location: 2F 1-1: Ball 2-1: Ball 3-1: Foul Ball, location: 2F 3-2: Foul Ball, location: 2F 3-2: Strikes out looking
|
|
Batting: RHB Eric Garrett
|
0-0: Ground out 5-3 (Groundball, 56S, EV 84.4 MPH)
|
|
Batting: RHB Adam MacConnell
|
0-0: Ground out 6-3 (Groundball, 6M, EV 76.2 MPH)
|
| Top of the 2nd over - 0 runs, 0 hits, 0 errors, 0 left on base; Toledo 2 - Fresno 0 |
| BOTTOM OF THE 2ND |
|
Fresno Grizzlies batting - Pitching for Toledo Mud Hens : RHP Roberto Benavides
|
|
Batting: LHB Bob Govella
|
0-0: Called Strike 0-1: Ball 1-1: Ball 2-1: Called Strike 2-2: Foul Ball, location: 2F 2-2: Strikes out looking
|
|
Batting: RHB Etsuro Hosokawa
|
0-0: Bunt missed! 0-1: Swinging Strike 0-2: Foul Ball, location: 2F 0-2: Fly out, F6 (Line Drive, 6M, EV 74.4 MPH)
|
|
Batting: RHB Masaru Konno
|
0-0: Called Strike 0-1: Ball 1-1: Called Strike 1-2: Ball 2-2: Strikes out looking
|
| Bottom of the 2nd over - 0 runs, 0 hits, 0 errors, 0 left on base; Toledo 2 - Fresno 0 |
| TOP OF THE 3RD |
|
Toledo Mud Hens batting - Pitching for Fresno Grizzlies : RHP Josh Holloway
|
|
Batting: SHB Scott Bartholomew
|
0-0: Ball 1-0: Ball 2-0: Called Strike 2-1: TRIPLE (Line Drive, 9D, EV 101.2 MPH)
|
|
Batting: RHB Brandon O'Malley
|
0-0: Called Strike 0-1: Fly out, F7 (Line Drive, 7LM, EV 88.8 MPH) Runner from 3rd tags up, SCORES, no throw by LF
|
|
Batting: RHB Tony Soto
|
0-0: Foul Ball, location: 2F 0-1: Called Strike 0-2: Ball 1-2: Foul Ball, location: 2F 1-2: Ball 2-2: Ball 3-2: DOUBLE (Groundball, 5L, EV 108.1 MPH)
|
|
Batting: RHB Willis Morales
|
0-0: Ball 1-0: Fly out, F7 (Flyball, 7D, EV 86.2 MPH)
|
|
Batting: RHB John Evancho
|
0-0: Ball 1-0: Called Strike 1-1: Swinging Strike 1-2: Ball 2-2: Ball 3-2: Foul Ball, location: 2F 3-2: Base on Balls
|
|
Batting: RHB J.J. Basil
|
0-0: Ball 1-0: Ball 2-0: Ball 3-0: Base on Balls Tony Soto to third John Evancho to second
|
|
Batting: SHB Willie Medina
|
0-0: Foul Ball, location: 2F 0-1: Ball 1-1: Ball 2-1: Ground out 1-3 (Groundball, 34S, EV 61.9 MPH)
|
| Top of the 3rd over - 1 run, 2 hits, 0 errors, 3 left on base; Toledo 3 - Fresno 0 |
| BOTTOM OF THE 3RD |
|
Fresno Grizzlies batting - Pitching for Toledo Mud Hens : RHP Roberto Benavides
|
|
Batting: RHB Cameron Rattenbury
|
0-0: Called Strike 0-1: Ground out 6-3 (Groundball, 6S, EV 85.6 MPH)
|
|
Batting: RHB Yoshitoshi Mori
|
0-0: Fly out, F8 (Flyball, 8LD, EV 103.1 MPH)
|
|
Batting: RHB Jesse Scott
|
0-0: Ground out 5-3 (Groundball, 56S, EV 66.9 MPH)
|
| Bottom of the 3rd over - 0 runs, 0 hits, 0 errors, 0 left on base; Toledo 3 - Fresno 0 |
| TOP OF THE 4TH |
|
Toledo Mud Hens batting - Pitching for Fresno Grizzlies : RHP Josh Holloway
|
|
Batting: RHB Eric Garrett
|
0-0: Ball 1-0: Foul Ball, location: 2F 1-1: Foul Ball, location: 2F 1-2: Strikes out swinging
|
|
Batting: RHB Adam MacConnell
|
0-0: Ball 1-0: Ball 2-0: Ball 3-0: Foul Ball, location: 2F 3-1: Foul Ball, location: 2F 3-2: Foul Ball, location: 2F 3-2: SINGLE (Groundball, 6MS, EV 65.0 MPH) (infield hit)
|
|
Batting: SHB Scott Bartholomew
|
0-0: Ball Adam MacConnell steals 2nd base 1-0: Ball 2-0: Ball 3-0: Called Strike 3-1: Base on Balls
|
|
Batting: RHB Brandon O'Malley
|
0-0: Ball Wild Pitch! Adam MacConnell to third Scott Bartholomew to second 1-0: Foul Ball, location: 2F 1-1: Swinging Strike 1-2: Strikes out looking
|
|
Batting: RHB Tony Soto
|
0-0: SINGLE (Groundball, P, EV 92.5 MPH) (infield hit) Adam MacConnell scores Scott Bartholomew to third
|
|
Batting: RHB Willis Morales
|
0-0: Foul Ball, location: 2F 0-1: Foul Ball, location: 2F 0-2: Foul Ball, location: 2F 0-2: Strikes out swinging
|
| Top of the 4th over - 1 run, 2 hits, 0 errors, 2 left on base; Toledo 4 - Fresno 0 |
| BOTTOM OF THE 4TH |
|
Fresno Grizzlies batting - Pitching for Toledo Mud Hens : RHP Roberto Benavides
|
|
Batting: RHB Bruce Bermudez
|
0-0: Called Strike 0-1: Called Strike 0-2: Ball 1-2: Ball 2-2: Foul Ball, location: 2F 2-2: Foul Ball, location: 2F 2-2: Foul Ball, location: 2F 2-2: Strikes out swinging
|
|
Batting: RHB Ramon Castellon
|
0-0: Called Strike 0-1: Called Strike 0-2: Foul Ball, location: 2F 0-2: Ball 1-2: Strikes out swinging
|
|
Batting: LHB Chris Cabrera
|
0-0: Ball 1-0: SOLO HOME RUN (Flyball, 9LD, EV 96.2 MPH), Distance : 351 ft
|
|
Batting: LHB Bob Govella
|
0-0: Ball 1-0: Ball 2-0: Ball 3-0: Base on Balls
|
|
Batting: RHB Etsuro Hosokawa
|
Pickoff Throw to First - Out! 1-3 CS
|
| Bottom of the 4th over - 1 run, 1 hit, 0 errors, 0 left on base; Toledo 4 - Fresno 1 |
| TOP OF THE 5TH |
|
Toledo Mud Hens batting - Pitching for Fresno Grizzlies : RHP Josh Holloway
|
|
Pitching: RHP Tommy Cunningham
|
|
|
Batting: RHB John Evancho
|
0-0: Ground out 5-3 (Groundball, 56D, EV 86.9 MPH)
|
|
Batting: RHB J.J. Basil
|
0-0: Foul Ball, location: 2F 0-1: Swinging Strike 0-2: Strikes out swinging
|
|
Batting: SHB Willie Medina
|
0-0: SINGLE (Groundball, P, EV 79.4 MPH) (infield hit)
|
|
Batting: RHB Eric Garrett
|
0-0: Called Strike Willie Medina steals 2nd base (no throw) 0-1: Swinging Strike 0-2: Ball 1-2: Foul Ball, location: 2F 1-2: Foul Ball, location: 2F 1-2: Ground out 4-3 (Groundball, 4, EV 82.5 MPH)
|
| Top of the 5th over - 0 runs, 1 hit, 0 errors, 1 left on base; Toledo 4 - Fresno 1 |
| BOTTOM OF THE 5TH |
|
Fresno Grizzlies batting - Pitching for Toledo Mud Hens : RHP Roberto Benavides
|
|
Batting: RHB Etsuro Hosokawa
|
0-0: Ball 1-0: Ball 2-0: Called Strike 2-1: Called Strike 2-2: Ground out 6-3 (Groundball, 6, EV 84.4 MPH)
|
|
Batting: RHB Masaru Konno
|
0-0: Ball 1-0: Swinging Strike 1-1: Ball 2-1: Ground out U3 (Groundball, 34S, EV 93.8 MPH)
|
|
Batting: RHB Cameron Rattenbury
|
0-0: Ball 1-0: Foul Ball, location: 2F 1-1: SINGLE (Flyball, 8LS, EV 93.1 MPH)
|
|
Batting: RHB Yoshitoshi Mori
|
0-0: Called Strike 0-1: Foul Ball, location: 2F 0-2: Ball 1-2: Strikes out swinging
|
| Bottom of the 5th over - 0 runs, 1 hit, 0 errors, 1 left on base; Toledo 4 - Fresno 1 |
| TOP OF THE 6TH |
|
Toledo Mud Hens batting - Pitching for Fresno Grizzlies : RHP Tommy Cunningham
|
|
Batting: RHB Adam MacConnell
|
0-0: SINGLE (Popup, 4D, EV 51.9 MPH)
|
|
Batting: SHB Scott Bartholomew
|
0-0: Called Strike 0-1: Ball 1-1: Swinging Strike 1-2: Ball 2-2: Foul Ball, location: 2F 2-2: SINGLE (Groundball, 6, EV 98.1 MPH) Adam MacConnell to second
|
|
Batting: RHB Brandon O'Malley
|
0-0: Ball 1-0: Ball 2-0: Foul Ball, location: 2F 2-1: Swinging Strike 2-2: Strikes out looking
|
|
Batting: RHB Tony Soto
|
0-0: Ball Adam MacConnell steals 3rd base 1-0: Foul Ball, location: 2F 1-1: Swinging Strike 1-2: Strikes out looking
|
|
Batting: RHB Willis Morales
|
0-0: Ball 1-0: Called Strike 1-1: Foul Ball, location: 2F 1-2: Strikes out swinging
|
| Top of the 6th over - 0 runs, 2 hits, 0 errors, 2 left on base; Toledo 4 - Fresno 1 |
| BOTTOM OF THE 6TH |
|
Fresno Grizzlies batting - Pitching for Toledo Mud Hens : RHP Roberto Benavides
|
|
Batting: RHB Jesse Scott
|
0-0: Foul Ball, location: 2F 0-1: Ball 1-1: Ball 2-1: Swinging Strike 2-2: Strikes out swinging
|
|
Batting: RHB Bruce Bermudez
|
0-0: Swinging Strike 0-1: Ball 1-1: Ball 2-1: Called Strike 2-2: Foul Ball, location: 2F 2-2: Strikes out swinging, 2-3 out at first.
|
|
Batting: RHB Ramon Castellon
|
0-0: Ball 1-0: Ball 2-0: Ground out 5-3 (Groundball, 5S, EV 91.9 MPH)
|
| Bottom of the 6th over - 0 runs, 0 hits, 0 errors, 0 left on base; Toledo 4 - Fresno 1 |
| TOP OF THE 7TH |
|
Toledo Mud Hens batting - Pitching for Fresno Grizzlies : RHP Tommy Cunningham
|
|
Pitching: RHP Mike Wirick
|
|
|
Batting: RHB John Evancho
|
0-0: SINGLE (Line Drive, 56, EV 96.9 MPH)
|
|
Batting: RHB J.J. Basil
|
0-0: Called Strike 0-1: Fly out, F7 (Flyball, 7D, EV 101.9 MPH)
|
|
Batting: SHB Willie Medina
|
0-0: Called Strike John Evancho steals 2nd base 0-1: Ball 1-1: Called Strike John Evancho steals 3rd base 1-2: Ball 2-2: Ball 3-2: Foul Ball, location: 2F 3-2: SINGLE (Groundball, 56D, EV 110.6 MPH) John Evancho scores
|
|
Batting: RHB Eric Garrett
|
0-0: Ball 1-0: Ball 2-0: Called Strike 2-1: Ball 3-1: Foul Ball, location: 2F 3-2: Base on Balls Willie Medina to second
|
|
Batting: RHB Adam MacConnell
|
0-0: Ball 1-0: Foul Ball, location: 2F 1-1: Ball 2-1: Foul Ball, location: 2F 2-2: Fly out, F8 (Flyball, 8RM, EV 91.9 MPH)
|
|
Batting: SHB Scott Bartholomew
|
0-0: Called Strike 0-1: Ball 1-1: Foul Ball, location: 2F 1-2: Foul Ball, location: 2F 1-2: Ball 2-2: Strikes out looking
|
| Top of the 7th over - 1 run, 2 hits, 0 errors, 2 left on base; Toledo 5 - Fresno 1 |
| BOTTOM OF THE 7TH |
|
Fresno Grizzlies batting - Pitching for Toledo Mud Hens : RHP Roberto Benavides
|
|
Pitching: RHP Nate Mull
|
|
|
Batting: LHB Chris Cabrera
|
0-0: Foul Ball, location: 2F 0-1: Ball 1-1: Ball 2-1: Ball 3-1: Base on Balls
|
|
Batting: LHB Bob Govella
|
0-0: Called Strike 0-1: Ball 1-1: Swinging Strike 1-2: Ball 2-2: Ball 3-2: Strikes out swinging
|
|
Batting: RHB Etsuro Hosokawa
|
0-0: Ball 1-0: Foul Ball, location: 2F 1-1: Ball 2-1: Fly out, F9 (Flyball, 9, EV 78.1 MPH)
|
|
Batting: RHB Masaru Konno
|
0-0: Called Strike 0-1: Called Strike 0-2: Ball 1-2: Foul Ball, location: 2F 1-2: Foul Ball, location: 2F 1-2: Strikes out looking
|
| Bottom of the 7th over - 0 runs, 0 hits, 0 errors, 1 left on base; Toledo 5 - Fresno 1 |
| TOP OF THE 8TH |
|
Toledo Mud Hens batting - Pitching for Fresno Grizzlies : RHP Mike Wirick
|
|
Pitching: RHP Alexander Hagan
|
|
|
Batting: RHB Brandon O'Malley
|
0-0: Ball 1-0: Called Strike 1-1: Ball 2-1: Called Strike 2-2: Foul Ball, location: 2F 2-2: Ball 3-2: SINGLE (Flyball, 5D, EV 86.9 MPH)
|
|
Batting: RHB Tony Soto
|
0-0: Called Strike 0-1: Ball Brandon O'Malley steals 2nd base 1-1: Foul Ball, location: 2F 1-2: Foul Ball, location: 2F 1-2: Ball 2-2: Ball 3-2: SINGLE (Flyball, 6D, EV 83.1 MPH) Brandon O'Malley to third
|
|
Batting: RHB Willis Morales
|
0-0: Ball 1-0: Foul Ball, location: 2F 1-1: Called Strike 1-2: Strikes out looking
|
|
Batting: RHB John Evancho
|
0-0: Ball 1-0: Ball 2-0: Called Strike 2-1: Ball 3-1: SINGLE (Groundball, 5S, EV 68.1 MPH) (infield hit) Brandon O'Malley scores Tony Soto to second
|
|
Batting: RHB J.J. Basil
|
0-0: Called Strike 0-1: Ball 1-1: Ball 2-1: Ball 3-1: SINGLE (Line Drive, 9S, EV 91.9 MPH) Tony Soto to third John Evancho to second Runner from 3rd tries for Home, SAFE, throw by RF to home
|
|
Batting: SHB Willie Medina
|
0-0: Called Strike 0-1: Swinging Strike Balk! John Evancho to third J.J. Basil to second 0-2: Ball 1-2: Strikes out looking
|
|
Batting: RHB Eric Garrett
|
0-0: Fly out, F8 (Line Drive, 8RM, EV 90.6 MPH)
|
| Top of the 8th over - 2 runs, 4 hits, 0 errors, 2 left on base; Toledo 7 - Fresno 1 |
| BOTTOM OF THE 8TH |
|
Fresno Grizzlies batting - Pitching for Toledo Mud Hens : RHP Nate Mull
|
|
Batting: RHB Cameron Rattenbury
|
0-0: Foul Ball, location: 2F 0-1: Ball 1-1: Foul Ball, location: 2F 1-2: Strikes out swinging
|
|
Batting: RHB Yoshitoshi Mori
|
0-0: SINGLE (Groundball, 56D, EV 99.4 MPH)
|
|
Batting: RHB Jesse Scott
|
0-0: Called Strike 0-1: Ball 1-1: Foul Ball, location: 2F 1-2: Foul Ball, location: 2F 1-2: Ground out 5-3 (Groundball, 5S, EV 75.0 MPH) Yoshitoshi Mori to second
|
|
Batting: RHB Bruce Bermudez
|
0-0: Ground out 6-3 (Groundball, 6, EV 85.0 MPH)
|
| Bottom of the 8th over - 0 runs, 1 hit, 0 errors, 1 left on base; Toledo 7 - Fresno 1 |
| TOP OF THE 9TH |
|
Toledo Mud Hens batting - Pitching for Fresno Grizzlies : RHP Alexander Hagan
|
|
Batting: RHB Adam MacConnell
|
0-0: Ground out 1-3 (Groundball, 15S, EV 76.9 MPH)
|
|
Batting: SHB Scott Bartholomew
|
0-0: Ball 1-0: Foul Ball, location: 2F 1-1: Called Strike 1-2: Foul Ball, location: 2F 1-2: Strikes out swinging
|
|
Batting: RHB Brandon O'Malley
|
0-0: Ball 1-0: Ball 2-0: Called Strike 2-1: Called Strike 2-2: Strikes out swinging
|
| Top of the 9th over - 0 runs, 0 hits, 0 errors, 0 left on base; Toledo 7 - Fresno 1 |
| BOTTOM OF THE 9TH |
|
Fresno Grizzlies batting - Pitching for Toledo Mud Hens : RHP Nate Mull
|
|
Batting: RHB Ramon Castellon
|
0-0: Ball 1-0: Foul Ball, location: 2F 1-1: Swinging Strike 1-2: Strikes out swinging
|
|
Batting: LHB Chris Cabrera
|
0-0: Ball 1-0: Reached on error, E4 (Groundball, 4M, EV 109.4 MPH)
|
|
Batting: LHB Bob Govella
|
0-0: Fly out, F7 (Flyball, 7, EV 79.4 MPH)
|
|
Batting: RHB Etsuro Hosokawa
|
0-0: Swinging Strike 0-1: Ball 1-1: SINGLE (Groundball, 25, EV 70.6 MPH) (infield hit) Chris Cabrera to second
|
|
Batting: RHB Masaru Konno
|
0-0: Ball 1-0: Ball 2-0: Ball 3-0: Base on Balls Chris Cabrera to third Etsuro Hosokawa to second
|
|
Batting: RHB Cameron Rattenbury
|
0-0: Ball 1-0: Fielders Choice at 2nd, 5-4 (Groundball, 5, EV 89.4 MPH)
|
| Bottom of the 9th over - 0 runs, 1 hit, 1 error, 3 left on base; Toledo 7 - Fresno 1 |
|